Map: Acropolis LE

Players

GOStephano (Stephano) - Winner!

  • Race: Zerg Zerg
  • League: Grandmaster
  • Spawn Location: 5:00

Zanster

  • Race: Zerg Zerg
  • Spawn Location: 11:00

Event: HomeStory Cup XIX

VOD

Have the link to the VOD?

Description

Time

  • Played on: June 28, 2019, 12:33 p.m.
  • Length: 11:47

All games in this series

Show
View Real Time Build Order
Export as new Build Order

GOStephano Zerg - Winner!

Build Orders: Hatch First 

Get SALT Encoding   

  12  0:00  Drone  
  13  0:12  Overlord  
  13  0:17  Drone  
  14  0:30  Drone x2  
  16  0:47  Hatchery  
  15  0:50  Drone  
  15  0:53  Drone  
  17  0:57  Drone  
  18  1:07  Extractor  
  17  1:12  Spawning Pool  
  17  1:15  Drone  
  17  1:19  Drone  
  18  1:27  Drone  
  19  1:39  Drone  
  20  1:49  Drone  
  21  1:59  Queen x2  
  21  2:00  Zergling x2, Overlord  
  26  2:12  Metabolic Boost  
  26  2:13  Drone  
  26  2:14  Drone  
  28  2:21  Drone  
  30  2:22  Drone  
  30  2:31  Drone  
  30  2:35  Hatchery  
  30  2:40  Queen  
  32  2:49  Baneling Nest, Overlord  
  31  2:55  Drone x2  
  31  2:57  Drone  
  34  3:02  Drone  
  35  3:06  Zergling x2  
  35  3:08  Overlord  
  36  3:15  Zergling x4  
  36  3:16  Drone x2  
  36  3:19  Drone  
  41  3:26  Drone  
  41  3:27  Drone x2  
  44  3:32  Baneling  
  44  3:33  Extractor  
  43  3:35  Drone x2  
  43  3:40  Drone x2  
  47  3:41  Evolution Chamber  
  47  3:43  Drone  
  47  3:47  Overlord  
  47  3:48  Drone x2, Extractor  
  46  3:52  Zergling x2  
  46  3:54  Drone  
  46  3:55  Drone  
  51  3:58  Drone x2  
  53  4:04  Lair  
  53  4:08  Drone x3  
  56  4:14  Baneling x2  
  56  4:20  Drone x2  
  56  4:21  Roach Warren  
  56  4:25  Zergling x8  
  56  4:30  Spore Crawler  
  54  4:31  Zergling x2  
  54  4:32  Zergling x4  
  54  4:35  Zergling x4  
  59  4:45  Zerg Missile Weapons Level 1, Overlord  
  57  4:47  Drone  
  57  4:48  Baneling x2  
  57  4:50  Drone x3  
  60  4:53  Drone x4  
  60  4:56  Overlord  
  60  4:59  Drone  
  65  5:04  Glial Reconstitution  
  65  5:05  Overlord  
  65  5:08  Overseer  
  65  5:14  Roach x2  
  65  5:15  Extractor  
  65  5:18  Roach x4  
  76  5:21  Overlord  
  76  5:27  Roach x3  
  79  5:30  Roach x2  
  79  5:34  Roach x2  
  79  5:35  Overlord  
  87  5:39  Roach x2  
  89  5:45  Roach  
  89  5:46  Roach x2  
  89  5:49  Roach  
  97  5:56  Roach x4  
  103  6:02  Roach x2  
  96  6:06  Roach  
  96  6:07  Roach x2  
  96  6:09  Roach x2  
  96  6:15  Roach x2  
  90  6:21  Roach x3  
  86  6:25  Roach  
  86  6:26  Roach  
  86  6:28  Roach  
  84  6:33  Roach x2  
  84  6:34  Queen  
  84  6:35  Queen  
  87  6:43  Roach x3  
  83  6:48  Roach x2  
  82  6:58  Roach  
  82  6:59  Roach x2  
  84  7:03  Roach  
  84  7:06  Queen  
  84  7:08  Roach  
  84  7:09  Zerg Missile Weapons Level 2  
  84  7:12  Drone  
  78  7:17  Drone x2  
  78  7:22  Drone  
  81  7:25  Drone  
  81  7:29  Tunneling Claws  
  83  7:30  Drone x2  
  83  7:31  Burrow  
  84  7:37  Drone x2  
  84  7:39  Ravager  
  84  7:41  Drone  
  88  7:44  Drone  
  88  7:45  Drone x3  
  92  7:53  Overlord  
  92  7:55  Overlord x2  
  92  8:05  Overlord x3  
  92  8:12  Overseer  
  92  8:17  Roach x10  
  92  8:18  Extractor  
  111  8:25  Roach x2  
  115  8:30  Roach x3  
  115  8:31  Roach  
  123  8:35  Roach  
  123  8:36  Hatchery, Roach  
  126  8:43  Roach x2  
  126  8:48  Overlord x3  
  130  8:57  Overlord  
  130  9:05  Queen  
  130  9:06  Queen, Overlord  
  130  9:08  Roach x2  
  138  9:10  Ravager x3  
  138  9:13  Roach x2  
  145  9:19  Extractor  
  145  9:21  Roach x19  
  145  9:22  Roach x3  
  152  9:25  Zerg Ground Armor Level 1  
  152  9:28  Roach x3  
  152  9:30  Ravager  
  159  9:33  Roach x8  
  159  9:36  Roach x3  
  165  9:42  Spore Crawler x2  
  165  9:43  Roach x6, Spore Crawler  
  165  9:44  Roach x2  
  165  9:45  Spore Crawler  
  157  9:52  Spore Crawler  
  152  9:58  Roach x6  
  152  9:59  Roach x7  
  155  10:01  Roach x2  
  155  10:02  Roach x2  
  155  10:03  Roach x2  
  155  10:04  Roach  
  137  10:12  Roach x3  
  123  10:15  Roach x2  
  123  10:16  Roach x2  
  123  10:20  Roach x3  
  124  10:22  Roach x7  
  124  10:24  Roach x2  
  124  10:27  Roach x3  
  118  10:28  Roach  
  118  10:29  Roach  
  118  10:32  Roach x3  
  118  10:35  Roach  
  114  10:43  Roach x2  
  106  10:50  Roach x2  
  106  10:55  Roach x2  
  106  10:57  Ravager x3, Roach x2  
  105  11:04  Drone x2  
  105  11:05  Drone x2  
  113  11:11  Roach x3  
  113  11:13  Ravager x2  
  113  11:18  Roach  
Show
View Real Time Build Order
Export as new Build Order

Zanster Zerg 

Build Orders: Hatch First 

Get SALT Encoding   

  12  0:00  Drone  
  13  0:12  Overlord  
  13  0:17  Drone  
  14  0:30  Drone  
  14  0:31  Drone  
  16  0:47  Hatchery  
  15  0:51  Drone  
  15  0:55  Drone  
  17  0:57  Drone  
  18  1:09  Extractor  
  17  1:13  Spawning Pool  
  17  1:16  Drone  
  17  1:19  Drone  
  18  1:28  Drone  
  19  1:38  Drone  
  20  1:49  Drone  
  21  2:00  Queen x2  
  25  2:02  Overlord  
  25  2:03  Zergling x2  
  26  2:09  Metabolic Boost  
  26  2:10  Drone  
  26  2:12  Drone  
  28  2:22  Drone x2  
  30  2:29  Evolution Chamber  
  29  2:33  Drone  
  29  2:34  Drone  
  31  2:45  Hatchery  
  31  2:48  Zergling x2  
  31  2:53  Overlord  
  30  3:00  Drone x2  
  30  3:05  Zerg Ground Armor Level 1  
  32  3:06  Drone  
  32  3:10  Drone x2  
  35  3:15  Drone x2  
  37  3:23  Drone x3  
  37  3:27  Overlord  
  40  3:29  Drone  
  41  3:35  Queen  
  41  3:38  Overlord  
  43  3:45  Zergling x8  
  43  3:46  Zergling x2  
  48  3:48  Zergling x2  
  48  3:50  Zergling x2  
  48  3:51  Zergling x2  
  51  3:58  Zergling x4  
  51  4:01  Overlord  
  53  4:05  Roach Warren  
  53  4:07  Overlord  
  52  4:18  Drone x8  
  52  4:22  Overlord  
  52  4:46  Roach x10  
  52  4:48  Roach  
  52  4:50  Extractor x2  
  52  4:51  Extractor  
  69  4:55  Roach  
  69  4:57  Overlord  
  70  5:02  Zergling x8  
  70  5:03  Zergling x2  
  70  5:04  Zergling x2  
  76  5:12  Zergling x4  
  76  5:13  Overlord  
  78  5:18  Zergling x8  
  82  5:23  Zergling x6  
  83  5:29  Ravager  
  83  5:30  Ravager  
  83  5:31  Zergling x6  
  83  5:33  Ravager  
  89  5:35  Zergling x2  
  89  5:36  Zergling x2  
  89  5:38  Ravager  
  89  5:41  Overlord  
  92  5:44  Ravager  
  92  5:46  Zergling x4  
  83  6:04  Zergling x8  
  83  6:05  Zergling x10  
  86  6:12  Zergling x2  
  86  6:13  Zergling x6  
  86  6:22  Lair  
  81  6:27  Zergling x10  
  81  6:32  Zergling x2  
  84  6:34  Overlord  
  84  6:40  Drone x3  
  84  6:42  Drone  
  84  6:44  Drone  
  81  6:48  Drone  
  81  6:50  Drone  
  81  6:53  Drone  
  78  6:54  Drone  
  78  6:56  Drone  
  72  7:02  Drone x5  
  73  7:11  Roach x3  
  75  7:16  Roach  
  75  7:18  Roach  
  75  7:21  Glial Reconstitution  
  79  7:23  Zerg Missile Weapons Level 1  
  79  7:26  Roach x2  
  79  7:27  Roach  
  79  7:29  Roach  
  87  7:31  Roach  
  89  7:38  Spire  
  89  7:40  Roach x2  
  89  7:42  Roach  
  94  7:50  Drone x6  
  100  7:52  Drone  
  100  7:54  Extractor  
  100  7:55  Drone  
  100  7:57  Drone x2  
  103  7:59  Drone  
  103  8:01  Drone x2  
  106  8:07  Overlord  
  106  8:11  Roach x3  
  112  8:15  Extractor  
  112  8:17  Overlord  
  112  8:18  Roach  
  113  8:20  Overlord  
  113  8:21  Overlord  
  113  8:23  Overlord  
  113  8:25  Overlord x2  
  113  8:34  Overlord  
  113  8:50  Mutalisk x10  
  113  8:51  Mutalisk  
  113  8:53  Mutalisk  
  137  9:05  Roach x3  
  137  9:08  Roach x2  
  147  9:10  Hatchery  
  147  9:11  Roach  
  147  9:12  Roach  
  147  9:14  Roach  
  152  9:19  Extractor, Roach x2  
  152  9:21  Roach x2  
  159  9:26  Overlord  
  159  9:28  Roach x2  
  159  9:29  Overlord  
  163  9:31  Overlord  
  163  9:33  Ravager x2  
  163  9:36  Roach x2  
  163  9:38  Overlord  
  153  9:53  Overseer  
  153  9:55  Overseer  
  153  9:57  Roach x8  
  121  10:14  Overseer  
  121  10:20  Roach x5  
  82  10:38  Roach  
  82  10:39  Roach x3  
  82  10:53  Roach  
  83  11:00  Zergling x4  
  83  11:01  Zergling x6  
  88  11:10  Zergling x6  
  91  11:17  Roach x2  
  95  11:22  Zergling x2  
  95  11:23  Zergling x4  
Tags
 
Add a new tag
Caveats
  • Supply blocks, unpowered buildings, or Contaminate may cause inaccurate times.
  • Supply counts are checked every 10 seconds.